 Dungeon Crawl Stone Soup version 0.14-a0-2950-gbe29d66 (webtiles) character file.

510485 Misa the Executioner (level 25, -1/192 HPs)
             Began as a Gargoyle Berserker on Mar 4, 2014.
             Was the Champion of Trog.
             Killed from afar by surr's ghost (108 damage)
             ... with an iron shot
             ... on Level 4 of the Depths.
             The game lasted 05:41:39 (53788 turns).

Misa the Executioner (Gargoyle Berserker)          Turns: 53788, Time: 05:41:39

HP  -1/192       AC 60     Str 32      XL: 25   Next:  3%
MP   7/7         EV  7     Int  8 (9)  God: Trog [******]
Gold 3251        SH  0     Dex 13      Spells:  0 memorised, 24 levels left

rFire  + + +     SeeInvis .     a - +0,+6 battleaxe (antimagic)
rCold  + + +     Clarity  .     Z - +3 gold dragon armour
rNeg   + + .     Conserve +     (no shield)
rPois  +         rCorr    +     w - +2 helmet "Wefrum" {rC++}
rElec  +         rRot     +     x - +2 cloak {rCorr, Cons}
SustAb . .       Spirit   .     A - +0 pair of gloves
rMut   .         Warding  .     m - +2 pair of boots {+Jump}
Gourm  +         Stasis   .     d - amulet of Charity {Gourm rF++}
MR     +++++                    P - ring "Vakis" {rN+ Dex+4 Acc+4}
                                f - ring "Ynidilao" {rPois rF+ MR++}

@: regenerating, flying, almost entirely resistant to hostile enchantments,
extremely unstealthy
A: large and strong wings, dopey 1, life protection 1, robust 1, electricity
resistance, strong 1, unbreathing, petrification resistance, AC +19
a: Stop Flying, Burn Spellbooks, Berserk, Trog's Hand, Brothers in Arms,
Renounce Religion, Evoke Jump Attack
}: 3/15 runes: serpentine, barnacled, silver


You were on level 4 of the Depths.
You worshipped Trog.
Trog was exalted by your worship.
You were completely stuffed.

You visited 8 branches of the dungeon, and saw 50 of its levels.
You also visited: Labyrinth, Trove and Ice Cave.

You collected 7716 gold pieces.
You spent 4465 gold pieces at shops.

Inventory:

Hand weapons
 a - a +0,+6 anti-magic battleaxe (weapon)
 v - the +11,+10 battleaxe of Execution {flame, Hunger Str-4 SInv Stlth++}
   (Trog gifted it to you on level 12 of the Dungeon)

   It emits flame when wielded, causing extra injury to most foes and up to
   double damage against particularly susceptible opponents.
   Big, fiery blades are also staple armaments of hydra-hunters.
   It affects your strength (-4).
   It enhances your eyesight.
   It speeds your metabolism.
   It makes you much more stealthy.
 y - a +8,+9 executioner's axe of electrocution
 E - the +3,+11 battleaxe of the Hidden Vale {freeze, Str+2}
   (Trog gifted it to you on level 8 of the Lair of Beasts)

   It has been specially enchanted to freeze those struck by it, causing extra
   injury to most foes and up to double damage against particularly susceptible
   opponents.
   It can also slow down cold-blooded creatures.
   It affects your strength (+2).
Armour
 m - a +2 pair of boots of jumping (worn)
 w - the +2 helmet "Wefrum" (worn) {rC++}
   (You acquired it on level 5 of the Lair of Beasts)

   It greatly protects you from cold.
 x - a +2 cloak of preservation (worn)
 A - a +0 pair of gloves (worn)
 Z - a +3 gold dragon armour (worn)
Magical devices
 n - a wand of disintegration (2)
 s - a wand of heal wounds (7)
 N - a wand of digging (22)
 R - a wand of teleportation (7)
 V - a wand of disintegration (9)
Comestibles
 c - 4 bread rations
 i - 7 rotting chunks of stone giant flesh
 j - a slice of pizza
 p - a pear
 q - 3 chunks of ogre flesh
 r - 2 chunks of human flesh
 F - 3 chunks of yaktaur flesh
Scrolls
 b - 5 scrolls of blinking
 e - a scroll of recharging
 l - 6 scrolls of remove curse
 o - 5 scrolls of identify
 z - a scroll of noise
 B - 2 scrolls of magic mapping
 C - 6 scrolls of teleportation
 D - 2 scrolls of fog
 G - 2 scrolls of fear
Jewellery
 d - the amulet of Charity (around neck) {Gourm rF++}
   (You found it in an ice cave)

   [amulet of the gourmand]

   It greatly protects you from fire.
 f - the ring "Ynidilao" (left hand) {rPois rF+ MR++}
   (You found it in an ice cave)

   [ring of poison resistance]

   It protects you from fire.
   It affects your resistance to hostile enchantments.
 k - a +3,+3 ring of slaying
 u - an uncursed amulet of clarity
 J - the amulet of Qaech {Ward Str+4 Int+3 Curse}
   (You found it on level 5 of the Shoals)

   [amulet of warding]

   It affects your strength (+4).
   It affects your intelligence (+3).
   It may recurse itself when equipped.
 L - an uncursed ring of teleport control
 P - the ring "Vakis" (right hand) {rN+ Dex+4 Acc+4}
   (You found it in a labyrinth)

   [ring of positive energy]

   It affects your dexterity (+4).
   It affects your accuracy with ranged weapons and melee attacks (+4).
 Y - the amulet of Astrowis {rMut Str+3 Int+3}
   (You took it off a vault guard on level 5 of the Vaults)

   [amulet of resist mutation]

   It affects your strength (+3).
   It affects your intelligence (+3).
Potions
 g - a potion of resistance
 h - 2 potions of magic
 t - 2 potions of brilliance
 I - 5 potions of curing
 K - 2 potions of berserk rage
 M - a potion of invisibility
 O - 5 potions of heal wounds
 T - 5 potions of might
 W - 2 potions of restore abilities
 X - 2 potions of speed


   Skills:
 + Level 22.9 Fighting
 * Level 25.6 Axes
   Level 1.0 Polearms
 + Level 22.1 Armour
 - Level 1.5 Dodging


You had 24 spell levels left.
You didn't know any spells.

Dungeon Overview and Level Annotations

Branches:
Dungeon (16/16)            Temple (0/1) D:6             Orc (4/4) D:9
    Elf (3/3) Orc:3          Lair (8/8) D:11         Shoals (5/5) Lair:3
  Snake (5/5) Lair:6        Slime (0/6) Lair:7       Vaults (5/5) D:15
  Blade (0/1) Vaults:3      Crypt (0/5) Vaults:3     Depths (4/6) D:16

Altars:
Ashenzari
Cheibriados
Makhleb
Nemelex Xobeh
Sif Muna
Trog
Vehumet
Xom
Yredelemnul
Zin
The Shining One
Beogh

Shops:
D:8 (   D:9 [   D:12 :   D:16 !   Orc:2 (   Orc:4 *[(=*   Shoals:4 =
Vaults:2 [   Vaults:4 (=?[(

Portals:
Hell: Lair:8 Depths:1 Depths:2 Depths:3
Abyss: Depths:4
Pandemonium: Depths:1 Depths:3*
Ziggurat: Depths:1

Annotations:
D:8 2 exclusions
Orc:3 exclusion: oklob plant
Elf:3 2 exclusions
Lair:7 exclusion: door
Depths:4 surr's ghost, legendary SpAr


Innate Abilities, Weirdness & Mutations

You are resistant to torment.
You are immune to poison.
You can fly continuously.
Your stone body is very resilient (AC +19).
Your wings are large and strong.
You resist negative energy.
You are resistant to electric shocks.
You can survive without breathing.
You are immune to petrification.
You are dopey. (Int -2)
You are robust (+10% HP).
Your muscles are strong. (Str +2)


Message History

Surr's ghost hits you but does no damage.
You miss surr's ghost.
Surr's ghost gestures at you while chanting.
The iron shot hits you!
You closely miss surr's ghost.
Surr's ghost hits you but does no damage.
You completely miss surr's ghost.
Surr's ghost points at you and mumbles some strange words.
The iron shot misses you.
You slash surr's ghost!
Surr's ghost's magic leaks into the air.
Surr's ghost is lightly damaged.
Surr's ghost gestures at you while chanting.
The iron shot hits you!
You barely miss surr's ghost.
Surr's ghost is lightly damaged.
Surr's ghost points at you and mumbles some strange words.
The iron shot hits you!
Ouch! That really hurt!
You die...

... .#.....
......! ........
.........
##...#....
.........
##p...##...
#.@.....[#
#...........#
....#........#.
##...#.......###
#..#.......... .
#...#.##...###
#. ##.....#..##
#. #.#...####
#.# #.#......#


You could see surr's ghost.

Vanquished Creatures
  The ghost of yokelz the Eclecticist, a great NaFE of Vehumet (Vaults:5)
  Norris (Elf:3)
  4 golden dragons
  Xtahua (Vaults:2)
  7 tentacled monstrosities
  Vashnia (Snake:2)
  3 liches
  2 titans (Vaults:5)
  A quicksilver dragon (Vaults:5)
  3 krakens
  Polyphemus (Shoals:2)
  6 storm dragons
  3 sphinxes
  Rupert (D:16)
  Agnes (Snake:2)
  Frances (Vaults:3)
  4 shadow dragons
  Kirke (D:16)
  4 tengu reavers
  Ilsuiw (Shoals:5)
  7 greater nagas
  18 vault wardens
  13 frost giants
  The ghost of DaftWullie the Swashbuckler, a mighty KoBe of Trog (D:16)
  A cacodemon (Depths:1)
  4 fire giants
  Aizul (Snake:3)
  Louise (Snake:1)
  An orc warlord (Orc:4)
  5 deep elf sorcerers
  Jorgrun (Shoals:2)
  4 war gargoyles (Vaults:5)
  3 deep elf demonologists (Vaults:5)
  16 stone giants
  A vampire knight (Depths:3)
  A spriggan defender (Depths:3)
  4 dire elephants
  9 ettins
  4 merfolk javelineers (Shoals:5)
  3 deep elf annihilators
  Snorg (Shoals:5)
  4 crystal guardians (Depths:1)
  12 merfolk impalers
  A jiangshi (Vaults:3)
  20 yaktaur captains
  3 sirens
  2 spriggan air magi
  A minotaur (Lab)
  9 fire dragons
  3 deep elf death magi
  The ghost of Gandelf the Nimble, a powerful DDBe of Trog (Lair:2)
  39 vault guards
  3 deep elf high priests
  A ravenous feature mimic (Depths:3)
  An ice dragon (shapeshifter) (Elf:2)
  3 merfolk aquamancers
  Harold (D:13)
  Josephine (Snake:1)
  16 ironheart preservers
  10 naga warriors
  5 ice dragons
  8 great orbs of eyes
  Nessos (Elf:2)
  8 anacondas
  4 satyrs
  17 ogre magi
  7 death yaks
  An alligator snapping turtle (Shoals:5)
  6 deep troll earth magi
  6 spriggan berserkers
  5 hydras
  21 naga sharpshooters
  6 deep troll shamans
  2 plague shamblers (Vaults:4)
  2 orc high priests
  3 rakshasas
  7 very ugly things
  Urug (Vaults:4)
  Nergalle (Orc:4)
  2 catoblepae
  12 centaur warriors
  14 hell knights
  15 deep elf knights
  A fire crab (D:16)
  22 deep trolls
  4 iron trolls
  5 skeletal warriors
  11 sea snakes
  4 unseen horrors
  A shadow wraith (Vaults:4)
  11 hill giants
  26 harpies
  A flayed ghost (Vaults:2)
  5 water nymphs
  3 giant orange brains
  8 naga ritualists
  3 ice statues
  14 deep elf summoners
  Erolcha (D:9)
  2 shock serpents
  Pikel (D:4)
  4 wolf spiders
  19 orc knights
  9 wizards
  5 mana vipers
  22 deep elf conjurers
  22 ironbrand convokers
  4 necromancers
  2 hell beasts
  5 octopodes
  2 red wasps
  3 phantasmal warriors
  A manticore (shapeshifter) (Vaults:5)
  A frost giant zombie (Vaults:3)
  8 elephants
  11 griffons
  A cyclops (shapeshifter) (Vaults:5)
  5 cyclopes
  A sixfirhy (Depths:1)
  A draconian (shapeshifter) (Vaults:4)
  3 orc sorcerers
  12 manticores
  39 black mambas
  19 naga magi
  5 spiny frogs
  4 drowned souls
  A black mamba (shapeshifter) (Vaults:2)
  2 guardian serpents (Snake:3)
  A queen ant (Lair:3)
  14 vault sentinels
  4 salamanders
  An item mimic (Orc:1)
  15 fauns
  3 feature mimics
  5 orange demons (Lair:8)
  A mermaid (shapeshifter) (Vaults:4)
  A smoke demon (Vaults:5)
  An anaconda simulacrum (Snake:1)
  8 elves (Vaults:4)
  9 komodo dragons
  46 yaktaurs
  14 mermaids
  A giant firefly (Depths:4)
  A small abomination (Elf:2)
  2 iron devils
  41 merfolk
  A queen bee (shapeshifter) (Vaults:3)
  2 hellwings
  Grinder (D:3)
  3 blue devils
  3 fire drakes
  6 freezing wraiths
  35 blink frogs
  6 spriggans
  27 two-headed ogres
  14 deep elf priests
  A minotaur skeleton (Lab)
  2 polar bears
  A troll (shapeshifter) (Vaults:5)
  7 trolls
  A wind drake (Shoals:2)
  A trapdoor spider zombie (D:13)
  A jumping spider (Vaults:4)
  A fire giant simulacrum (Depths:1)
  8 snapping turtles
  3 boulder beetles
  27 slime creatures
  2 wyverns
  A redback (shapeshifter) (Vaults:5)
  A shadow (D:14)
  A vampire (Vaults:4)
  6 redbacks
  A basilisk (Lair:1)
  2 grizzly bears
  58 yaks
  22 deep elf magi
  An elf zombie (Depths:1)
  2 black mamba skeletons (Snake:1)
  2 hogs (D:16)
  21 water elementals
  5 sharks
  6 tarantellas
  53 ugly things
  35 deep elf fighters
  Grum (D:9)
  5 wraiths
  2 hungry ghosts
  A steam dragon (Lair:4)
  2 gargoyles
  A hill giant zombie (D:11)
  A hog (shapeshifter) (Depths:3)
  10 hippogriffs
  An elf skeleton (Depths:1)
  59 nagas
  19 wolves
  10 vampire mosquitoes
  A neqoxec (Vaults:5)
  4 mottled dragons
  An orange crystal statue (Depths:1)
  17 porcupines
  3 human skeletons
  A human simulacrum (Vaults:3)
  3 hell hounds (Lair:8)
  30 humans
  A tengu skeleton (D:14)
  3 swamp drakes (Lair:4)
  A slave (D:4)
  4 necrophages
  A black mamba simulacrum (Snake:1)
  19 ice beasts
  4 black bears
  5 soldier ants (Lair:3)
  55 orc warriors
  4 sky beasts
  A black bear (shapeshifter) (Depths:1)
  A kobold demonologist (Vaults:4)
  4 giant goldfish
  A guardian serpent simulacrum (Snake:1)
  4 phantoms
  A boring beetle (Lair:7)
  23 centaurs
  13 crocodiles
  Sigmund (D:2)
  Duvessa (D:6)
  A lost soul (Vaults:3)
  17 wargs
  18 big kobolds
  14 giant slugs
  53 ogres
  4 gnoll sergeants
  A hell hound zombie (Lair:8)
  Blork the orc (D:4)
  A water moccasin (shapeshifter) (Vaults:4)
  17 giant frogs
  2 cyclops zombies (D:12)
  26 water moccasins
  2 cyclops skeletons
  A boulder beetle zombie (D:16)
  3 eyes of draining
  A troll zombie (Orc:4)
  17 wights
  A killer bee (D:11)
  A vampire bat (Lair:6)
  A yak skeleton (D:12)
  A naga skeleton (Snake:1)
  5 electric eels
  4 goliath beetles
  Dowan (D:6)
  A centaur zombie (D:9)
  9 crimson imps
  A giant frog zombie (D:5)
  3 big fish
  4 quasits
  A gnoll shaman (D:9)
  2 iron imps (Depths:2)
  3 jellies
  16 hounds
  27 orc priests
  2 centaur skeletons
  A giant frog skeleton (D:7)
  12 iguanas
  38 orc wizards
  4 scorpions
  Natasha (thrice) (D:4)
  15 worker ants
  17 sheep
  7 orange rats
  10 boggarts
  2 mummies
  2 worker ant zombies
  22 gnolls
  70 green rats
  A worm zombie (D:9)
  28 adders
  An orc skeleton (D:8)
  5 worms
  An iguana zombie (D:8)
  6 orc zombies
  An iguana skeleton (D:6)
  4 giant eyeballs
  An ooze (D:1)
  3 giant geckos
  254 orcs
  3 ball pythons
  7 giant cockroaches
  21 hobgoblins
  20 jackals
  25 kobolds
  23 bats
  5 giant newts
  A giant spore (D:8)
  16 goblins
  A goblin skeleton (D:5)
  A hobgoblin skeleton (D:4)
  A hobgoblin zombie (Orc:4)
  3 illusory rakshasas (Vaults:1)
  19 quokkas
  18 rats
  A rat skeleton (D:4)
  A spectral orc (Orc:4)
  9 ballistomycetes
  2 bushes (D:11)
  2 crawling corpses (Vaults:4)
  15 fungi
  15 plants
  10 tentacles
  A tentacle segment (Shoals:5)
2612 creatures vanquished.

Vanquished Creatures (collateral kills)
  A sphinx (D:16)
  2 fire giants (D:16)
  A deep elf annihilator (Vaults:5)
  An ice dragon (IceCv)
  A satyr (Shoals:5)
  A deep elf knight (D:16)
  A wolf spider (D:16)
  2 fauns (Shoals:5)
  A mottled dragon (D:16)
  A giant slug (D:16)
12 creatures vanquished.

Vanquished Creatures (others)
  A deep elf high priest (Vaults:5)
  A deep elf knight (Elf:1)
  A wizard (Vaults:1)
  A hill giant (Vaults:5)
  2 drowned souls (Shoals:3)
  3 humans
  A deep elf fighter (Vaults:4)
  3 ogres
  2 big kobolds (Vaults:4)
  A crimson imp (D:8)
  5 orcs
  4 giant spores
  4 fungi
  5 plants
  32 tentacles
  390 tentacle segments
456 creatures vanquished.

Grand Total: 3080 creatures vanquished

Notes
Turn   | Place    | Note
--------------------------------------------------------------
     0 | D:1      | Misa, the Gargoyle Berserker, began the quest for the Orb.
     0 | D:1      | Reached XP level 1. HP: 14/14 MP: 1/1
   197 | D:1      | Reached XP level 2. HP: 17/19 MP: 2/2
   738 | D:2      | Found a bloodstained altar of Trog.
   825 | D:2      | Reached skill level 4 in Fighting
   852 | D:2      | Reached XP level 3. HP: 14/24 MP: 3/3
  1023 | D:2      | Acquired Trog's second power
  1203 | D:2      | Reached XP level 4. HP: 27/30 MP: 4/4
  1302 | D:2      | Noticed Sigmund
  1316 | D:2      | Killed Sigmund
  1316 | D:2      | Reached skill level 5 in Fighting
  1316 | D:2      | Reached XP level 5. HP: 30/35 MP: 5/5
  1758 | D:3      | Reached skill level 1 in Polearms
  1874 | D:3      | Noticed Grinder
  1876 | D:3      | Paralysed by Grinder for 2 turns
  1889 | D:3      | Killed Grinder
  1889 | D:3      | Reached skill level 6 in Fighting
  1889 | D:3      | Reached skill level 5 in Axes
  1889 | D:3      | Reached XP level 6. HP: 31/41 MP: 6/6
  2321 | D:4      | Noticed Natasha
  2325 | D:4      | Killed Natasha
  2325 | D:4      | Reached XP level 7. HP: 47/47 MP: 7/7
  2396 | D:4      | Paralysed by a giant eyeball for 3 turns
  2541 | D:4      | Noticed Natasha
  2542 | D:4      | Noticed Pikel
  2559 | D:4      | Killed Natasha
  2574 | D:4      | Killed Pikel
  2574 | D:4      | Reached skill level 7 in Fighting
  2574 | D:4      | Reached XP level 8. HP: 50/54 MP: 8/8
  2575 | D:4      | Noticed Blork the orc
  2586 | D:4      | Killed Blork the orc
  2816 | D:4      | Noticed Natasha
  2818 | D:4      | Killed Natasha
  2993 | D:5      | Entered Level 5 of the Dungeon
  3048 | D:5      | Reached skill level 8 in Fighting
  3623 | D:5      | Found a deep blue altar of Sif Muna.
  3989 | D:5      | Found a sparkling altar of Nemelex Xobeh.
  3989 | D:5      | Found a glowing silver altar of Zin.
  4081 | D:6      | Noticed Duvessa
  4108 | D:6      | Killed Duvessa
  4108 | D:6      | Reached XP level 9. HP: 56/60 MP: 9/9
  4114 | D:6      | Noticed Dowan
  4122 | D:6      | Killed Dowan
  4144 | D:6      | Found a basalt altar of Yredelemnul.
  4168 | D:6      | Found a staircase to the Ecumenical Temple.
  4189 | D:6      | Acquired Trog's third power
  4237 | D:6      | Reached skill level 9 in Fighting
  4375 | D:6      | Found a shimmering altar of Xom.
  4426 | D:6      | Found a burning altar of Makhleb.
  5319 | D:7      | Reached skill level 5 in Armour
  5839 | D:7      | Reached XP level 10. HP: 40/68 MP: 10/10
  5900 | D:8      | Reached skill level 10 in Fighting
  6317 | D:8      | Gained mutation: You are robust (+10% HP). [potion of mutation]
  6317 | D:8      | Gained mutation: Your muscles are strong. (Str +2) [potion of mutation]
  6346 | D:8      | Found Kuqu's Antique Weapon Boutique.
  6389 | D:8      | Reached skill level 10 in Axes
  6400 | D:8      | Bought a runed battleaxe for 169 gold pieces
  6406 | D:8      | Bought a runed battleaxe for 169 gold pieces
  6475 | D:8      | Received a gift from Trog
  7183 | D:9      | Found Trablel's Antique Armour Emporium.
  7411 | D:9      | Noticed Grum
  7419 | D:9      | Killed Grum
  7542 | D:9      | Reached XP level 11. HP: 34/80 MP: 11/11
  7744 | D:9      | Found a staircase to the Orcish Mines.
  7757 | D:9      | Reached skill level 11 in Axes
  7837 | Orc:1    | Entered Level 1 of the Orcish Mines
  7987 | Orc:1    | Found a glowing silver altar of Zin.
  8230 | Orc:2    | Received a gift from Trog
  8243 | Orc:2    | Found Onank's Weapon Shoppe.
  8776 | D:9      | Received a gift from Trog
  8851 | D:9      | Bought a glowing dwarven helmet for 148 gold pieces
  8851 | D:9      | Bought a glowing cloak for 148 gold pieces
  8857 | D:9      | Identified a +2 cloak of preservation (You bought it in a shop on level 9 of the Dungeon)
  9151 | D:9      | Found a glowing golden altar of the Shining One.
  9257 | D:9      | Noticed Erolcha
  9266 | D:9      | Killed Erolcha
  9490 | D:9      | Received a gift from Trog
  9553 | D:9      | Found a snail-covered altar of Cheibriados.
  9580 | D:10     | Entered Level 10 of the Dungeon
  9780 | D:10     | Noticed an unseen horror
  9783 | D:10     | Killed an unseen horror
  9783 | D:10     | Reached skill level 12 in Axes
 10231 | D:11     | Noticed an unseen horror
 10240 | D:11     | Killed an unseen horror
 10240 | D:11     | Reached XP level 12. HP: 82/89 MP: 12/12
 10432 | D:11     | Received a gift from Trog
 10504 | D:11     | Noticed an orc knight
 10517 | D:11     | Killed an orc knight
 10924 | D:11     | Found a staircase to the Lair.
 11008 | Lair:1   | Entered Level 1 of the Lair of Beasts
 11029 | Lair:1   | Received a gift from Trog
 11029 | Lair:1   | Reached skill level 13 in Axes
 11030 | Lair:1   | Reached skill level 10 in Armour
 11073 | Lair:1   | Found a labyrinth entrance.
 11081 | Lab      | Entered a labyrinth
 11754 | Lab      | Noticed a minotaur
 11764 | Lab      | Killed a minotaur
 11775 | Lab      | Got a wavering wooden ring
 11902 | Lair:1   | Identified a scroll of acquirement
 12164 | Lair:2   | Identified the ring "Vakis" {rN+ Dex+4 Acc+4} (You found it in a labyrinth)
 12336 | Lair:2   | Noticed Gandelf's ghost (powerful DDBe)
 12347 | Lair:2   | Killed Gandelf's ghost
 12750 | Lair:2   | Reached XP level 13. HP: 86/96 MP: 13/13
 12764 | Lair:2   | Received a gift from Trog
 13405 | Lair:3   | Reached skill level 14 in Axes
 13462 | Lair:3   | Received a gift from Trog
 13903 | Lair:3   | Found a staircase to the Shoals.
 14515 | Lair:4   | Received a gift from Trog
 15463 | Lair:5   | Gained mutation: Your wings are large and strong. [gargoyle growth]
 15463 | Lair:5   | Reached XP level 14. HP: 88/105 MP: 14/14
 15518 | Lair:5   | Reached skill level 15 in Axes
 15532 | Lair:5   | Got an ichor-stained helmet
 15536 | Lair:5   | Identified the +2 helmet "Wefrum" {rC++} (You acquired it on level 5 of the Lair of Beasts)
 15609 | Lair:5   | Found a staircase to the Snake Pit.
 15618 | Lair:5   | the staircase to the Snake Pit was a mimic.
 16136 | Lair:6   | Received a gift from Trog
 16516 | Lair:6   | Found a staircase to the Snake Pit.
 17218 | Lair:7   | Found a staircase to the Slime Pits.
 17643 | Lair:8   | Entered Level 8 of the Lair of Beasts
 17792 | Lair:8   | Received a gift from Trog
 17801 | Lair:8   | Got a transparent battleaxe {god gift}
 17802 | Lair:8   | Identified the +3,+11 battleaxe of the Hidden Vale {freeze, Str+2} (Trog gifted it to you on level 8 of the Lair of Beasts)
 18304 | Lair:8   | Found a burning altar of Makhleb.
 18326 | Lair:8   | Reached skill level 16 in Axes
 18406 | Lair:8   | Found a gateway to Hell.
 18748 | Lair:8   | Reached skill level 15 in Fighting
 19202 | Lair:1   | Reached XP level 15. HP: 113/113 MP: 15/15
 19844 | D:12     | Found Phaohasch's Book Shoppe.
 19888 | D:12     | Found a staircase to the Orcish Mines.
 19937 | D:12     | the staircase to the Orcish Mines was a mimic.
 20126 | D:12     | Received a gift from Trog
 20128 | D:12     | Got a jewelled battleaxe {god gift}
 20129 | D:12     | Identified the +11,+10 battleaxe of Execution {flame, Hunger Str-4 SInv Stlth++} (Trog gifted it to you on level 12 of the Dungeon)
 21006 | D:13     | Paralysed by a potion of paralysis for 5 turns
 21019 | D:13     | Noticed Harold
 21029 | D:13     | Killed Harold
 21152 | D:13     | Received a gift from Trog
 21685 | D:14     | Found a frozen archway.
 21711 | IceCv    | Entered an ice cave
 21979 | IceCv    | Got a vibrating crystal amulet
 21983 | IceCv    | Got a glittering wooden ring
 21989 | IceCv    | Got a wavering jade ring
 22092 | D:14     | Got a faintly glowing plate armour
 22145 | D:14     | Identified the +1 plate armour of the Blacksmith {+Fly Dex+4} (You acquired it on level 14 of the Dungeon)
 22528 | Lair:2   | Identified the amulet of Charity {Gourm rF++} (You found it in an ice cave)
 22623 | D:9      | Reached skill level 17 in Axes
 22954 | Orc:3    | Received a gift from Trog
 23266 | Orc:4    | Entered Level 4 of the Orcish Mines
 23383 | Orc:4    | Found Vyhaotat's General Store.
 23389 | Orc:4    | Bought a scroll of blinking for 82 gold pieces
 23389 | Orc:4    | Bought a scroll of holy word for 82 gold pieces
 23389 | Orc:4    | Bought a scroll of enchant weapon III for 220 gold pieces
 23476 | Orc:4    | Received a gift from Trog
 23767 | Orc:4    | Noticed Nergalle
 23776 | Orc:4    | Killed Nergalle
 23779 | Orc:4    | Found a roughly hewn altar of Beogh.
 24111 | Orc:4    | Found Heiruschott's Jewellery Shop.
 24180 | Orc:4    | Found Meiv's General Store.
 24196 | Orc:4    | Found Nootuteo's Antique Weapon Shop.
 24222 | Orc:4    | Found Usial's Antique Armour Shop.
 24250 | Orc:4    | Bought an uncursed amulet of resist mutation for 480 gold pieces
 24250 | Orc:4    | Bought a +3,+3 ring of slaying for 674 gold pieces
 24609 | Orc:3    | Found a staircase to the Elven Halls.
 24748 | Elf:1    | Entered Level 1 of the Elven Halls
 24763 | Elf:1    | Received a gift from Trog
 24913 | Elf:1    | Reached XP level 16. HP: 114/121 MP: 9/16
 25046 | Elf:1    | Identified the ring "Ynidilao" {rPois rF+ MR++} (You found it in an ice cave)
 25139 | Elf:1    | Received a gift from Trog
 25839 | Elf:2    | Noticed Nessos
 25852 | Elf:2    | Killed Nessos
 25878 | Elf:2    | Found a radiant altar of Vehumet.
 25945 | Elf:2    | Received a gift from Trog
 25954 | Elf:2    | Reached skill level 18 in Axes
 26175 | Elf:2    | Reached skill level 15 in Armour
 26365 | Elf:3    | Entered Level 3 of the Elven Halls
 26505 | Elf:3    | Noticed Norris
 26512 | Elf:3    | Paralysed by Norris for 3 turns
 26530 | Elf:3    | Killed Norris
 27119 | Elf:3    | Received a gift from Trog
 27806 | Snake:1  | Entered Level 1 of the Snake Pit
 27873 | Snake:1  | Noticed Louise
 27887 | Snake:1  | Killed Louise
 27912 | Snake:1  | Reached XP level 17. HP: 127/127 MP: 8/17
 28066 | Snake:1  | Noticed Josephine
 28083 | Snake:1  | Killed Josephine
 28414 | Snake:1  | Received a gift from Trog
 28743 | Snake:2  | Noticed Agnes
 28752 | Snake:2  | Killed Agnes
 28896 | Snake:2  | Noticed Vashnia
 28956 | Snake:2  | Killed Vashnia
 29114 | Snake:2  | Reached skill level 19 in Axes
 29433 | Snake:2  | Received a gift from Trog
 30186 | Snake:3  | Noticed Aizul
 30203 | Snake:3  | Killed Aizul
 31113 | Snake:4  | Received a gift from Trog
 31307 | Snake:4  | Identified the ring of Keirgh {MP+9 Str-1 Int+1} (You found it in an ice cave)
 31723 | Snake:5  | Entered Level 5 of the Snake Pit
 31783 | Snake:5  | Reached XP level 18. HP: 104/136 MP: 13/18
 32234 | Snake:5  | Received a gift from Trog
 32390 | Snake:5  | Got a serpentine rune of Zot
 32775 | Shoals:1 | Entered Level 1 of the Shoals
 32809 | Shoals:1 | Reached skill level 20 in Axes
 32810 | Shoals:1 | Received a gift from Trog
 33749 | Shoals:2 | Noticed Polyphemus
 33767 | Shoals:2 | Killed Polyphemus
 33959 | Shoals:2 | Noticed Jorgrun
 34187 | Shoals:2 | Killed Jorgrun
 35342 | Shoals:3 | Reached XP level 19. HP: 126/145 MP: 18/18
 35694 | Shoals:4 | Found Ghasesaz's Jewellery Boutique.
 35780 | Shoals:4 | Received a gift from Trog
 36474 | Shoals:5 | Entered Level 5 of the Shoals
 36777 | Shoals:5 | Noticed Ilsuiw
 36835 | Shoals:5 | Killed Ilsuiw
 37001 | Shoals:5 | Received a gift from Trog
 37398 | Shoals:5 | Noticed Snorg
 37419 | Shoals:5 | Reached skill level 21 in Axes
 37602 | Shoals:5 | Killed Snorg
 37681 | Shoals:5 | Got a twitching garnet amulet
 37683 | Shoals:5 | Identified the amulet of Qaech {Ward Str+4 Int+3 Curse} (You found it on level 5 of the Shoals)
 38017 | Shoals:5 | Got a barnacled rune of Zot
 38139 | Shoals:5 | Found a shattered altar of Ashenzari.
 39082 | D:15     | Entered Level 15 of the Dungeon
 39082 | D:15     | Found a gate to the Vaults.
 39208 | D:15     | Received a gift from Trog
 39501 | D:15     | Reached XP level 20. HP: 150/152 MP: 19/19
 39584 | D:15     | Received a gift from Trog
 39791 | D:16     | Entered Level 16 of the Dungeon
 39804 | D:16     | Noticed Kirke
 39812 | D:16     | Killed Kirke
 39933 | D:16     | Noticed DaftWullie's ghost (mighty KoBe)
 39974 | D:16     | Killed DaftWullie's ghost
 40088 | D:16     | Found a staircase to the Depths.
 40289 | D:16     | Found Dypni's Distillery.
 40297 | D:16     | Bought a potion of heal wounds for 45 gold pieces
 40297 | D:16     | Bought a potion of curing for 30 gold pieces
 40297 | D:16     | Bought a potion of heal wounds for 45 gold pieces
 40297 | D:16     | Bought a potion of curing for 30 gold pieces
 40326 | D:16     | Noticed Rupert
 40334 | D:16     | Killed Rupert
 40608 | Vaults:1 | Entered Level 1 of the Vaults
 41156 | Vaults:1 | Received a gift from Trog
 41643 | Vaults:1 | Found a deep blue altar of Sif Muna.
 42022 | Vaults:2 | Noticed Xtahua
 42032 | Vaults:2 | Killed Xtahua
 42124 | Vaults:2 | Reached skill level 22 in Axes
 42369 | Vaults:2 | Received a gift from Trog
 42377 | Vaults:2 | Got a shimmering battleaxe {god gift}
 42378 | Vaults:2 | Identified the +12,+7 battleaxe of the Illusory Lies {venom, Int+3} (Trog gifted it to you on level 2 of the Vaults)
 42912 | Vaults:2 | Found Affutule's Antique Armour Shop.
 42920 | Vaults:2 | Bought a pair of gloves for 184 gold pieces
 42982 | Vaults:2 | Reached XP level 21. HP: 149/160 MP: 20/20
 43062 | Vaults:3 | Received a gift from Trog
 43286 | Vaults:3 | Noticed Frances
 43299 | Vaults:3 | Killed Frances
 43651 | Vaults:3 | Found a staircase to the Crypt.
 43701 | Vaults:3 | Received a gift from Trog
 43824 | Vaults:3 | Found a staircase to the Hall of Blades.
 44517 | Vaults:4 | Received a gift from Trog
 44802 | Vaults:4 | Found Priafuvas' Armour Emporium.
 44858 | Vaults:4 | Found Smaisam's Antique Weapon Emporium.
 45087 | Vaults:4 | Noticed Urug
 45125 | Vaults:4 | Reached skill level 23 in Axes
 45138 | Vaults:4 | Received a gift from Trog
 45463 | Vaults:4 | Found Zogahit's Magic Scroll Emporium.
 45471 | Vaults:4 | Bought 3 scrolls of blinking for 382 gold pieces
 45471 | Vaults:4 | Bought a scroll of identify for 34 gold pieces
 45471 | Vaults:4 | Bought a scroll of enchant weapon III for 340 gold pieces
 45471 | Vaults:4 | Bought a scroll of teleportation for 51 gold pieces
 45484 | Vaults:4 | Reached XP level 22. HP: 168/168 MP: 20/20
 45524 | Vaults:4 | Found Vamojosioxt's Weapon Shoppe.
 45600 | Vaults:4 | Found Reargh's Jewellery Shoppe.
 45619 | Vaults:4 | Bought a cursed -3 ring of intelligence for 36 gold pieces
 45619 | Vaults:4 | Bought a cursed -4 ring of dexterity for 36 gold pieces
 45799 | Vaults:4 | Found a portal to a secret trove of treasure.
 46042 | Vaults:4 | Killed Urug
 46136 | Vaults:4 | Received a gift from Trog
 46508 | D:12     | Bought a book of the Warp for 1080 gold pieces
 46790 | Trove    | Entered a treasure trove
 46822 | Trove    | Got an encrusted ring mail
 46923 | Vaults:5 | Entered Level 5 of the Vaults
 46974 | Vaults:5 | Noticed yokelz's ghost (great NaFE)
 47352 | Vaults:5 | Got a distressingly furry buckler
 47357 | Vaults:5 | Received a gift from Trog
 47368 | Vaults:5 | Got a silver rune of Zot
 47390 | Vaults:5 | Killed yokelz's ghost
 47737 | Vaults:5 | Got a vibrating amethyst amulet
 47741 | Vaults:5 | Identified the amulet of Astrowis {rMut Str+3 Int+3} (You took it off a vault guard on level 5 of the Vaults)
 47845 | Vaults:5 | Reached XP level 23. HP: 112/176 MP: 21/21
 47863 | Vaults:5 | Reached skill level 24 in Axes
 47926 | Vaults:5 | Received a gift from Trog
 48465 | Vaults:5 | Got a slimy helmet
 48497 | Vaults:5 | Identified the -1 helmet "Zaxamo" {Str-4 Dex+3} (You acquired it on level 5 of the Vaults)
 48847 | Vaults:5 | Received a gift from Trog
 48886 | Vaults:5 | Gained mutation: You are dopey. (Int -2) [a neqoxec]
 49535 | Vaults:5 | Received a gift from Trog
 50072 | Depths:1 | Entered Level 1 of the Depths
 50104 | Depths:1 | Found a one-way gate leading to the halls of Pandemonium.
 50167 | Depths:1 | Found a gateway to a ziggurat.
 50262 | Depths:1 | Reached XP level 24. HP: 141/184 MP: 21/21
 50955 | Depths:2 | Received a gift from Trog
 51157 | Depths:2 | Reached skill level 25 in Axes
 51201 | Depths:2 | Paralysed by a giant eyeball for 3 turns
 51205 | Depths:2 | Paralysed by a giant eyeball for 4 turns
 51432 | Depths:2 | Found a snail-covered altar of Cheibriados.
 52481 | Depths:2 | Received a gift from Trog
 52562 | Depths:3 | Found a bloodstained altar of Trog.
 52770 | Depths:3 | Paralysed by a giant eyeball for 2 turns
 53065 | Depths:3 | Received a gift from Trog
 53670 | Depths:4 | Received a gift from Trog
 53673 | Depths:4 | Got a bone battleaxe {god gift}
 53674 | Depths:4 | Identified the +2,+1 battleaxe "Kiguc" {chop, rF++ Str-1 Int-1} (Trog gifted it to you on level 4 of the Depths)
 53681 | Depths:4 | Found a one-way gate to the infinite horrors of the Abyss.
 53727 | Depths:4 | Reached XP level 25. HP: 162/192 MP: 22/22
 53770 | Depths:4 | Noticed surr's ghost (legendary SpAr)
 53788 | Depths:4 | Killed from afar by surr's ghost

Action                   |  1- 3 |  4- 6 |  7- 9 | 10-12 | 13-15 | 16-18 | 19-21 | 22-24 | 25-27 || total
-------------------------+-------+-------+-------+-------+-------+-------+-------+-------+-------++-------
Melee: Hand axe          |    74 |       |       |       |       |       |       |       |       ||    74
       War axe           |    34 |    16 |       |       |       |       |       |       |       ||    50
       Scythe            |       |    69 |    47 |       |       |       |       |       |       ||   116
       Battleaxe         |       |       |   319 |   788 |   242 |    61 |    32 |    13 |    11 ||  1466
       Executioner's axe |       |       |       |    42 |   977 |   952 |  1212 |  1174 |    13 ||  4370
Invok: Berserk           |       |     3 |     5 |     4 |     2 |     6 |     3 |     2 |       ||    25
       Trog's Hand       |       |       |     2 |     1 |     3 |    13 |    20 |    20 |     1 ||    60
       Burn Spellbooks   |       |       |       |     2 |     2 |     3 |     3 |     9 |       ||    19
       Brothers in Arms  |       |       |       |       |     1 |       |     3 |     2 |       ||     6
 Abil: Fly               |       |       |       |       |     1 |       |       |     2 |       ||     3
       Stop Flying       |       |       |       |       |       |       |       |     2 |       ||     2
Evoke: Wand              |       |       |       |    11 |       |     2 |     2 |     2 |       ||    17
  Use: Scroll            |       |     1 |     1 |    23 |    22 |     9 |     7 |    16 |       ||    79
       Potion            |       |       |       |     5 |     6 |     2 |       |       |       ||    13
 Stab: Distracted        |       |       |       |       |       |       |     2 |       |       ||     2
